 Dungeon Crawl Stone Soup version 0.31-a0-986-g5e6e4ef867 (webtiles) character file.

Game seed: 15505987516337263215

1080 bmb222 the Slasher (level 8, -1/61 HPs)
             Began as a Formicid Fighter on Nov 24, 2023.
             Was a Follower of Qazlal.
             Succumbed to a water moccasin's poison
             ... on level 6 of the Dungeon.
             The game lasted 00:07:05 (6443 turns).

bmb222 the Slasher (Formicid Fighter)               Turns: 6443, Time: 00:07:06

Health: -1/61      AC: 10    Str: 22    XL:     8   Next: 55%
Magic:  8/8        EV:  9    Int:  9    God:    Qazlal [*.....]
Gold:   243        SH:  7    Dex: 13    Spells: 7/7 levels left

rFire   . . .        a - +0 long sword
rCold   + . .        c - +0 buckler
rNeg    . . .        o - +0 chain mail
rPois   .            (helmet unavailable)
rElec   .            (no cloak)
rCorr   .            (no gloves)
SInv    +            (no boots)
Will    .....        (no amulet) Stlth
                     g - ring of protection from cold
HPRegen 0.30/turn    (no ring)
MPRegen 0.11/turn

%: no passive effects
@: mighty, lethally poisoned (-1 -> -13)
A: permanent stasis, dig shafts and tunnels, antennae 3, four strong arms
a: Dig, Shaft Self, Renounce Religion


You were on level 6 of the Dungeon.
You worshipped Qazlal.
Qazlal was aware of your devotion.
You visited 1 branch of the dungeon, and saw 6 of its levels.

You collected 243 gold pieces.

Inventory:

Hand Weapons
 a - a +0 long sword (weapon)
 p - a +0 long sword
Armour
 b - a +0 scale mail
 c - a +0 buckler (worn)
 o - a +0 chain mail (worn)
Jewellery
 g - a ring of protection from cold (left hand)
Talismans
 k - a serpent talisman
Scrolls
 e - 2 scrolls of teleportation
 h - 3 scrolls of vulnerability
 j - 2 scrolls of enchant armour
 l - 2 scrolls of fog
 m - 2 scrolls of identify
 n - a scroll of butterflies
Potions
 i - 3 potions of mutation
 q - a potion of degeneration


   Skills:
 + Level 4.5 Fighting
 * Level 7.0 Long Blades
 * Level 6.2 Armour
 * Level 2.0 Dodging
 - Level 1.0 Stealth
 + Level 4.9 Shields


You had 7 spell levels left.
You didn't know any spells.
Your spell library contained the following spells:

 Spells                   Type           Power      Damage    Failure   Level
 Magic Dart               Conj           0%         1d3       96%         1


Dungeon Overview and Level Annotations

Branches:
Dungeon (6/15)             Temple (0/1) D:5

Altars:
Ashenzari
Hepliaklqana
Kikubaaqudgha
Nemelex Xobeh
Qazlal
Sif Muna
Vehumet

Annotations:
D:4 Pikel
D:5 1 runed translucent door, Crazy Yiuf
D:6 Sigmund


Innate Abilities, Weirdness & Mutations

You cannot be hasted, slowed, berserked, paralysed or teleported.
You can dig through walls and to a lower floor.
You have a pair of large antennae on your head. (SInv)
Your four strong arms can wield two-handed weapons with a shield.


Message History

The water moccasin barely misses you.
You miss the water moccasin.
The water moccasin is heavily wounded.
You feel very sick. The water moccasin bites you.
* * * LOW HITPOINT WARNING * * *
You hit the water moccasin but do no damage.
The water moccasin is heavily wounded.
You feel very sick.
The water moccasin bites you but does no damage. x2
You barely miss the water moccasin.
The water moccasin is heavily wounded.
You feel sick.
The water moccasin bites you but does no damage.
You miss the water moccasin.
The water moccasin is heavily wounded.
You feel sick. The water moccasin bites you.
* * * LOW HITPOINT WARNING * * *
You are lethally poisoned!
The water moccasin poisons you! The water moccasin bites you.
* * * LOW HITPOINT WARNING * * *
It was a potion of curing.
You feel better.
The water moccasin completely misses you.
You feel better. The water moccasin barely misses you.
Okay, then.
Okay, then.
The water moccasin attacks as it pursues you!
You block the water moccasin's attack. The water moccasin bites you.
* * * LOW HITPOINT WARNING * * *
You are lethally poisoned!
The water moccasin poisons you!
You feel very mighty all of a sudden.
* * * LOW HITPOINT WARNING * * *
You feel very sick. The water moccasin bites you.
* * * LOW HITPOINT WARNING * * *
You slice the water moccasin!!
You kill the water moccasin!
Qazlal accepts your kill.
You die...

#....#####.≈.#
#..≈.......≈.#
###..≈≈≈≈≈≈≈≈≈.#
#..<...........# #.#
#.#######..#####
##.#### #.# #.## ###
#..... ####.####
#.###...# #..#.##
#.......####.○..#
#..#.#.
#...........@..##
#.##..#.#.
#####......(######.#
#.....#.#.
............# .#
#.###.#...
###.#.......# #.
#..<.@...
###.#........# #.
#.###.###
.............# ## #
#.# ####.#######.#
..# #.# .# ##.# ##.#
#.#


There were no monsters in sight!

Vanquished Creatures
  Edmund (D:5)
  A water moccasin (D:6)
  2 black bears (D:5)
  An ice beast (D:6)
  2 lemures (D:3)
  3 scorpions
  An orc priest (D:5)
  2 hounds (D:5)
  2 jellies (D:5)
  3 iguanas
  2 sleepcaps (D:6)
  2 orc wizards (D:5)
  7 adders
  A shadow imp (D:5)
  A white imp (D:6)
  5 ufetubi
  2 dart slugs
  11 orcs
  8 ball pythons
  5 endoplasms
  4 giant cockroaches
  9 goblins
  4 hobgoblins
  4 jackals (D:5)
  3 quokkas
  5 bats
  2 frilled lizards
  8 kobolds
  A rat (D:3)
  A butterfly (D:5)
103 creatures vanquished.

Notes
Turn   | Place    | Note
-------+----------+-------------------------------------------
     0 | D:1      | bmb222 the Formicid Fighter began the quest for the Orb.
     0 | D:1      | Reached XP level 1. HP: 18/18 MP: 1/1
   190 | D:1      | Reached XP level 2. HP: 16/24 MP: 2/2
   595 | D:1      | Reached XP level 3. HP: 29/29 MP: 3/3
   754 | D:1      | Found a faded altar of an unknown god.
   780 | D:2      | Found a broken altar of Ashenzari.
  1074 | D:2      | Reached skill level 3 in Long Blades
  1165 | D:2      | Reached XP level 4. HP: 35/35 MP: 4/4
  1748 | D:3      | Found a stormy altar of Qazlal.
  1833 | D:3      | Became a worshipper of Qazlal Stormbringer
  2213 | D:4      | Found a sparkling altar of Nemelex Xobeh.
  2287 | D:4      | Reached XP level 5. HP: 42/42 MP: 5/5
  2329 | D:4      | Noticed a lemure
  2329 | D:4      | Noticed a lemure
  2329 | D:4      | Noticed a lemure
  2330 | D:4      | Noticed Pikel
  2330 | D:4      | Noticed a lemure
  2366 | D:3      | Killed a lemure
  2721 | D:4      | Reached skill level 4 in Long Blades
  3088 | D:3      | Killed a lemure
  3476 | D:5      | Identified the "Louront"
  3476 | D:5      | Entered Level 5 of the Dungeon
  3503 | D:5      | Found a radiant altar of Vehumet.
  3503 | D:5      | Found an ancient bone altar of Kikubaaqudgha.
  3506 | D:5      | Found a shimmering blue altar of Sif Muna.
  3565 | D:5      | Noticed Edmund
  3582 | D:5      | Killed Edmund
  3583 | D:5      | Reached skill level 5 in Long Blades
  3583 | D:5      | Reached XP level 6. HP: 31/48 MP: 6/6
  3718 | D:5      | Reached skill level 1 in Stealth
  3741 | D:5      | Reached skill level 5 in Armour
  3741 | D:5      | Reached XP level 7. HP: 48/53 MP: 7/7
  3773 | D:5      | Reached * piety under Qazlal
  3783 | D:5      | Reached skill level 1 in Dodging
  4030 | D:5      | Found a staircase to the Ecumenical Temple.
  4321 | D:5      | Reached skill level 6 in Long Blades
  4364 | D:5      | Reached XP level 8. HP: 53/61 MP: 8/8
  5206 | D:5      | Found a runed translucent door.
  5207 | D:5      | Noticed Crazy Yiuf
  5488 | D:6      | Noticed Sigmund
  5941 | D:6      | Found a hazy altar of Hepliaklqana.
  6382 | D:6      | Reached skill level 7 in Long Blades
  6438 | D:6      | HP: 2/61 [water moccasin (3)]
  6443 | D:6      | Succumbed to a water moccasin's poison

Illustrated notes

Levels and vault maps discovered:
D:1:      amcnicky_arrival_choice, layout_basic,
          hellmonk_ecumenical_altar_inner_sanctum
D:2:      cheibrodos_old_hovel, layout_rooms, basic_altar
D:3:      layout_basic, mainiacjoe_overflow_catwalk
D:4:      layout_layer_cave, mainiacjoe_overflow_paths, serial_bayou_pond_a,
          uniq_pikel
D:5:      kennysheep_spiral_hall, layout_basic,
          grunt_temple_overflow_magic_moments, minmay_temple_entry_butterflies,
          uniq_crazy_yiuf_cottage, uniq_edmund
D:6:      layout_loops_ring, fedhas_altar_decomposition,
          mainiacjoe_overflow_brackets, gammafunk_ghost_arena, uniq_maggie,
          uniq_sigmund

Skill      XL: |  1  2  3  4  5  6  7  8 |
---------------+-------------------------+-----
Long Blades    | 3 5 6 7 |  7.0
Armour         | 4 5 6 |  6.2
Stealth        | 1 |  1.0
Fighting       | 4 |  4.5
Dodging        | 1 2 |  2.0
Shields        | |  4.9

Action                     |  1- 3 |  4- 6 |  7- 9 || total
---------------------------+-------+-------+-------++-------
  Melee: Long sword        |   105 |   165 |   216 ||   486
Ability: Dig               |       |       |     1 ||     1
  Evoke: Wand              |       |     1 |       ||     1
    Use: Scroll            |       |       |     7 ||     7
         Potion            |       |       |     3 ||     3
   Stab: Paralysed         |       |     6 |       ||     6
 Armour: Scale mail        |    64 |    40 |       ||   104
         Chain mail        |       |    69 |   236 ||   305
  Dodge: Dodged            |    37 |    45 |   119 ||   201
  Block: Buckler           |    32 |    38 |    99 ||   169

Table legend: (Time is in decaauts)
 A = Elapsed time spent in this place.
 B = Non-inter-level travel time spent in this place.
 C = Inter-level travel time spent in this place.
 D = Time resting spent in this place.
 E = Time spent auto-exploring this place.
 F = Levels seen in this place.
 G = Mean time per level.
                   A        B        C        D        E       F      G
               +--------+--------+--------+--------+--------+-----+--------+
         Total |   6537 |   6402 |    135 |   2166 |   2788 |   6 | 1089.5 |
       Dungeon |   6537 |   6402 |    135 |   2166 |   2788 |   6 | 1089.5 |
               +--------+--------+--------+--------+--------+-----+--------+

Top non-repeatable levels by time:
     D:5: 2236 daAuts
     D:3: 1414 daAuts
     D:1: 802 daAuts
     D:6: 762 daAuts
     D:2: 685 daAuts
     D:4: 636 daAuts
